 Dungeon Crawl Stone Soup version 0.24.0-1-gfbc8707 (webtiles) character file.

Game seed: 10999654521845693487, levelgen mode: deterministic

3342 Fang the Fighter (level 10, 0/66 HPs)
             Began as a Gargoyle Berserker on Oct 29, 2019.
             Was an Elder of Trog.
             Slain by an ogre
             ... wielding a +0 giant club
              (7 damage)
             ... on level 8 of the Dungeon.
             The game lasted 00:06:50 (8043 turns).

Fang the Fighter (Gargoyle Berserker)               Turns: 8043, Time: 00:06:50

Health: 0/66       AC: 20    Str: 25    XL:     10   Next: 2%
Magic:  10/10      EV:  9    Int:  7    God:    Trog [****..]
Gold:   425        SH:  0    Dex:  9    Spells: 9/9 levels left

rFire    . . .     SeeInvis .   a - +0 war axe
rCold    . . .     Gourm    +   (no shield)
rNeg     + . .     Faith    .   b - +0 plate armour
rPois    ∞         Spirit   .   (no helmet)
rElec    +         Reflect  .   (no cloak)
rCorr    .         Harm     .   (no gloves)
MR       .....                  (no boots)
Stlth    ..........             s - amulet of the gourmand
HPRegen  0.21/turn              (no ring)
MPRegen  0.12/turn              (no ring)

@: no status effects
A: negative energy resistance 1, electricity resistance, unbreathing,
petrification resistance, rot immunity, AC +7
a: Berserk, Trog's Hand, Brothers in Arms, Renounce Religion


You were on level 8 of the Dungeon.
You worshipped Trog.
Trog was greatly pleased with you.
You were full.

You visited 2 branches of the dungeon, and saw 9 of its levels.

You collected 425 gold pieces.

Inventory:

Hand Weapons
 a - a +0 war axe (weapon)
Armour
 b - a +0 plate armour (worn)
Jewellery
 n - an uncursed amulet of guardian spirit
 s - an amulet of the gourmand (around neck)
Wands
 p - a wand of paralysis (6)
Scrolls
 e - 6 scrolls of identify
 i - 3 scrolls of teleportation
 o - a scroll of fog {unknown}
 q - 2 scrolls of magic mapping {unknown}
 r - a scroll of random uselessness {unknown}
 u - a scroll of torment {unknown}
 v - a scroll of vulnerability {unknown}
Potions
 d - 2 potions of heal wounds
 f - a potion of mutation {unknown}
 g - 3 potions of agility {unknown}
 h - 3 potions of lignification {unknown}
 j - 2 potions of curing {unknown}
 k - a potion of brilliance {unknown}
 l - 3 potions of resistance {unknown}
 m - 2 potions of might {unknown}
 t - a potion of berserk rage {unknown}
Comestibles
 c - 16 rations


   Skills:
 * Level 9.1 Fighting
 * Level 7.6 Axes
 + Level 6.8 Armour
 + Level 5.2 Dodging


You had 9 spell levels left.
You didn't know any spells.
Your spell library was empty.

Dungeon Overview and Level Annotations

Branches:
Dungeon (8/15)             Temple (1/1) D:6
   Lair: D:8-11

Altars:
Ashenzari
Cheibriados
Dithmenos
Elyvilon
Kikubaaqudgha
Nemelex Xobeh
Okawaru
Trog
Xom
Yredelemnul
The Shining One

Shops:
D:5 =   D:7 :

Annotations:
D:5 1 runed translucent door


Innate Abilities, Weirdness & Mutations

You are resistant to torment.
Your stone body is resilient. (AC +7)
You are immune to poison.
You resist negative energy. (rN+)
You are resistant to electric shocks. (rElec)
You can survive without breathing.
You are immune to petrification.
You are immune to rotting.


Message History

The ogre is moderately wounded.
The ogre hits you with a +0 giant club!
You are too injured to fight recklessly!
You are too injured to fight recklessly!
You are too injured to fight recklessly!
You are too injured to fight recklessly!
You are too injured to fight recklessly!
You are too injured to fight recklessly!
You are too injured to fight recklessly!
You are too injured to fight recklessly!
You are too injured to fight recklessly!
You are too injured to fight recklessly!
You barely miss the ogre.
The ogre is moderately wounded.
The ogre hits you with a +0 giant club!
* * * LOW HITPOINT WARNING * * *
You barely miss the ogre.
The ogre is moderately wounded.
The ogre hits you with a +0 giant club!
You die...

##..........
#......[...#
###..........#
...)........#
#..........#
####......)...#
.............###
...#.......)........
#...(.@#########...
#####O.............
##...............
#..................
#.#................
#. #................
. #........<.....#
................#
.##...............


You could see an ogre.

Vanquished Creatures
  A two-headed ogre (D:8)
  The ghost of noobcanoe the Gusty, an amateur OpAE of Cheibriados (D:5)
  A hippogriff (D:7)
  3 orc warriors
  A black bear (D:7)
  A sky beast (D:3)
  3 ogres
  A centaur (D:7)
  A crocodile (D:5)
  A bullfrog (D:6)
  A water moccasin zombie (D:7)
  A scorpion (D:6)
  4 wights (D:7)
  4 crimson imps
  3 jellies
  An orc priest (D:5)
  A hound (D:7)
  8 orc wizards
  3 centaur skeletons
  Terence (D:2)
  Jessica (D:3)
  4 iguanas
  Natasha (thrice) (D:3)
  5 worker ants
  A hound zombie (D:6)
  A howler monkey skeleton (D:5)
  A worker ant zombie (D:6)
  7 adders
  5 gnolls
  A shadow imp (D:7)
  4 oozes
  2 adder skeletons (D:6)
  A worm (D:5)
  A dart slug (D:2)
  2 leopard geckos
  22 orcs
  A ball python (D:4)
  A bat zombie (D:4)
  4 giant cockroaches
  11 goblins
  11 hobgoblins
  4 jackals (D:3)
  12 kobolds
  3 quokkas
  6 bats
  5 frilled lizards
  A leopard gecko skeleton (D:5)
  10 rats
171 creatures vanquished.

Vanquished Creatures (others)
  A worm (D:5)
  2 giant cockroaches (D:5)
3 creatures vanquished.

Grand Total: 174 creatures vanquished

Notes
Turn   | Place    | Note
-------+----------+-------------------------------------------
     0 | D:1      | Fang the Gargoyle Berserker began the quest for the Orb.
     0 | D:1      | Reached XP level 1. HP: 14/14 MP: 1/1
    62 | D:1      | Reached XP level 2. HP: 17/19 MP: 2/2
   276 | D:1      | Reached XP level 3. HP: 20/23 MP: 3/3
   332 | D:1      | Reached ** piety under Trog
   773 | D:2      | Found a white marble altar of Elyvilon.
   846 | D:2      | Found a shadowy altar of Dithmenos.
   955 | D:2      | Noticed Terence
   964 | D:2      | Killed Terence
   964 | D:2      | Reached XP level 4. HP: 14/29 MP: 4/4
  1017 | D:2      | Reached skill level 4 in Fighting
  1332 | D:2      | You fall into a shaft and drop 1 floor!
  1496 | D:3      | Reached XP level 5. HP: 25/33 MP: 5/5
  1745 | D:3      | Found a shimmering altar of Xom.
  1795 | D:3      | Noticed Natasha
  1809 | D:3      | Killed Natasha
  1821 | D:3      | Reached *** piety under Trog
  2270 | D:3      | Noticed Natasha
  2283 | D:3      | Killed Natasha
  2283 | D:3      | Reached XP level 6. HP: 22/39 MP: 6/6
  2456 | D:3      | Noticed Jessica
  2485 | D:3      | Killed Jessica
  2775 | D:3      | Noticed Natasha
  2786 | D:3      | Killed Natasha
  2992 | D:3      | Noticed a sky beast
  3001 | D:3      | Killed a sky beast
  3001 | D:3      | Reached skill level 5 in Fighting
  3001 | D:3      | Reached XP level 7. HP: 44/44 MP: 7/7
  4096 | D:4      | Found an ancient bone altar of Kikubaaqudgha.
  4516 | D:5      | Entered Level 5 of the Dungeon
  4529 | D:5      | Received a gift from Trog
  4786 | D:5      | Found a glowing golden altar of the Shining One.
  5013 | D:5      | Found Wiwosew's Jewellery Shop.
  5135 | D:5      | Found a runed translucent door.
  5136 | D:5      | Noticed noobcanoe's ghost (amateur OpAE)
  5172 | D:5      | Found a runed translucent door.
  5193 | D:5      | Reached skill level 6 in Fighting
  5193 | D:5      | Reached skill level 5 in Axes
  5193 | D:5      | Reached skill level 5 in Armour
  5193 | D:5      | Reached XP level 8. HP: 34/51 MP: 5/8
  5364 | D:5      | Found a sparkling altar of Nemelex Xobeh.
  5516 | D:5      | Killed noobcanoe's ghost
  5748 | D:6      | Reached **** piety under Trog
  5790 | D:6      | Found an iron altar of Okawaru.
  5790 | D:6      | Found a bloodstained altar of Trog.
  5866 | D:6      | Reached skill level 7 in Fighting
  5919 | D:6      | Found a shattered altar of Ashenzari.
  6095 | D:6      | Found a staircase to the Ecumenical Temple.
  6188 | Temple   | Entered the Ecumenical Temple
  6213 | D:7      | Found a snail-covered altar of Cheibriados.
  6270 | D:7      | Received a gift from Trog
  6270 | D:7      | Reached XP level 9. HP: 52/57 MP: 9/9
  6579 | D:7      | Reached skill level 8 in Fighting
  6585 | D:7      | Found Dasi Kai's Book Boutique.
  7364 | D:7      | Found a sparkling altar of Nemelex Xobeh.
  7699 | D:7      | Found a basalt altar of Yredelemnul.
  7935 | D:8      | Noticed a two-headed ogre
  7947 | D:8      | Killed a two-headed ogre
  7947 | D:8      | Reached skill level 9 in Fighting
  7947 | D:8      | Reached skill level 5 in Dodging
  7947 | D:8      | Reached XP level 10. HP: 23/66 MP: 10/10
  8043 | D:8      | Slain by an ogre

Levels and vault maps discovered:
D:1:      dpeg_arrival_round_c, layout_basic, minmay_octomino_c4
D:2:      layout_loops_ring, nicolae_dithmenos_shadow_blocks,
          lemuel_crystal_altar, first_ration, uniq_terence
D:3:      layout_basic, xom_teletrap_fun, uniq_natasha, uniq_jessica
D:4:      layout_loops_corners, lemuel_zombie_altar_kikubaaqudgha
D:5:      layout_loops_ring, kennysheep_mini, serial_shops, shop,
          ebering_ghost_sewer_f, nemelex_dance_club_becter
D:6:      layout_rooms, grunt_temple_overflow_bloody_war,
          nicolae_ashenzari_panopticon, minmay_temple_entry_mini_moons
D:7:      layout_layer_cave, lemuel_coloured_pillars_altar, cheibriados_altar_1,
          lemuel_round_altar, serial_shops, shop
D:8:      layout_rooms, lemuel_blue_sif_altar, basic_altar, uniq_joseph,
          uniq_harold, uniq_psyche
Temple:   jpeg_temple_alley_garden

Skill      XL: |  1  2  3  4  5  6  7  8  9 |
---------------+----------------------------+-----
Axes           | 3 4 5 6 7 |  7.6
Dodging        | 2 3 4 5 |  5.2
Armour         | 3 4 5 6 |  6.8
Fighting       | 4 5 6 7 9 |  9.1

Action                   |  1- 3 |  4- 6 |  7- 9 | 10-12 || total
-------------------------+-------+-------+-------+-------++-------
Melee: Hand axe          |    95 |   199 |   218 |       ||   512
       War axe           |       |       |   249 |     3 ||   252
Invok: Berserk           |     1 |     5 |     8 |       ||    14
       Trog's Hand       |       |       |     1 |       ||     1
  Use: Scroll            |       |       |     7 |       ||     7
 Stab: Distracted        |       |     1 |       |       ||     1
  Eat: Chunk             |       |    12 |    33 |       ||    45
       Ration            |       |       |     1 |       ||     1
Armor: Animal skin       |    38 |    58 |     1 |       ||    97
       Chain mail        |       |       |   190 |       ||   190
       Plate armour      |       |       |   144 |       ||   144
Dodge: Dodged            |    73 |   138 |   246 |       ||   457
